 Dungeon Crawl Stone Soup version 0.31-a0-626-g8143ab4f1d (webtiles) character file.

Game seed: 13866582303846735064

262 javelincjr the Ruffian (level 5, -1/75 HPs)
             Began as a Troll Shapeshifter on Aug 24, 2023.
             Was an Initiate of Qazlal.
             Slain by an orc warrior
             ... wielding a +1 dire flail of holy wrath
              (10 damage)
             ... on level 3 of the Dungeon.
             The game lasted 00:08:11 (2413 turns).

javelincjr the Ruffian (Troll Shapeshifter)         Turns: 2413, Time: 00:08:12

Health: -1/75      AC:  4    Str: 25    XL:     5   Next: 97%
Magic:  13/13      EV: 10    Int:  4    God:    Qazlal [......]
Gold:   162        SH:  0    Dex: 10    Spells: 4/4 levels left

rFire   + .          .
                       - Unarmed
rCold   + . .        (no shield)
rNeg    . . .        a - +0 animal skin
rPois   +            (helmet currently unavailable)
rElec   +            (cloak currently unavailable)
rCorr   +            (gloves unavailable)
SInv    .            (boots unavailable)
Will    .....        (no amulet) Stlth
                     g - ring of resist corrosion
HPRegen 1.12/turn    x - ring of magical power
MPRegen 0.13/turn

%: no passive effects
@: brilliant, berserking, beast-form, resistant, attractive, very quick
A: beast (slay +2), large, unfitting armour, claws 3, regeneration 1, shaggy fur
1, tough skin 1
a: Begin Untransformation, Renounce Religion


You were on level 3 of the Dungeon.
You worshipped Qazlal.
Qazlal was noncommittal.
You were a hulking beast.
You visited 1 branch of the dungeon, and saw 4 of its levels.

You collected 162 gold pieces.

Inventory:

Hand Weapons
 w - a +2 halberd of venom
Missiles
 n - 3 boomerangs (quivered)
Armour
 a - a +0 animal skin (worn)
Jewellery
 g - a ring of resist corrosion (left claw)
 x - a ring of magical power (right claw)
Talismans
 c - a beast talisman (active)
 d - a flux talisman
Wands
 p - a wand of flame (16)
Scrolls
 e - 3 scrolls of enchant weapon {unknown}
 f - 3 scrolls of teleportation {unknown}
 i - a scroll of fear {unknown}
 j - a scroll of noise {unknown}
 k - a scroll of enchant armour {unknown}
 m - a scroll of torment {unknown}
 s - a scroll of revelation {unknown}
 u - 2 scrolls of identify {unknown}
 y - a scroll of fog {unknown}
Potions
 b - 2 potions of lignification
 r - a potion of might {unknown}
 t - a potion of ambrosia {unknown}
 v - a potion of heal wounds {unknown}
 z - a potion of enlightenment {unknown}


   Skills:
 + Level 2.4 Fighting
 + Level 2.9 Dodging
 + Level 4.2 Unarmed Combat
 + Level 0.0 Invocations
 * Level 4.0 Shapeshifting


You had 4 spell levels left.
You didn't know any spells.
Your spell library contained the following spells:

 Spells                   Type           Power      Damage    Failure   Level
 Summon Guardian Golem    Hex/Summ       0%         N/A       86%         3
 Orb of Destruction       Conj           0%         9d5       100%        7
 Spellforged Servitor     Conj/Summ      0%         N/A       100%        7


Dungeon Overview and Level Annotations

Branches:
Dungeon (4/15)
 Temple: D:4-7

Altars:
Kikubaaqudgha
Qazlal

Shops:
D:2 [


Innate Abilities, Weirdness & Mutations

You are a hulking beast.
Your limbs bulge with bestial killing power. (Slay +2)
You are too large for most types of armour.
You have claws for hands.
Your natural rate of healing is unusually fast.
You are covered in fur. (AC +1)
You have tough skin. (AC +1)


Message History

There is a stone staircase leading down here.
You closely miss the orc. The orc barely misses you.
The orc hits you with a +0 flail.
The orc warrior hits you with a +1 dire flail of holy wrath!
You claw the orc!
You kill the orc!
Qazlal accepts your kill. The orc hits you with a +0 hand axe.
* * * LOW HITPOINT WARNING * * *
The orc warrior hits you with a +1 dire flail of holy wrath.
* * * LOW HITPOINT WARNING * * *
The orc hits you with a +0 hand axe.
* * * LOW HITPOINT WARNING * * *
Things that are here:
a +0 flail; a +0 leather armour It was a potion of brilliance.
You feel clever all of a sudden.
It was a potion of resistance.
You feel protected. The orc barely misses you.
It was a potion of attraction.
You feel attractive to monsters. The orc closely misses you.
It was a potion of berserk rage.
A red film seems to cover your vision as you go berserk!
You feel yourself moving faster!
You feel mighty! The orc hits you with a +0 hand axe.
* * * LOW HITPOINT WARNING * * *
You claw the orc!
You kill the orc!
Qazlal accepts your kill.
The orc warrior is attracted toward you.
You claw the orc warrior!
The orc warrior is moderately wounded.
The orc warrior hits you with a +1 dire flail of holy wrath!
* * * LOW HITPOINT WARNING * * *
You claw the orc warrior!
The orc warrior is almost dead.
The orc warrior hits you with a +1 dire flail of holy wrath!
You die...

#.#.# #.# ######## #.#.# #.#
#......# #.#.# #.# ##......#
#.#.# #.# ........#####
#.#.# #.#
....#.......####.#.######.##
....'..........†§#.........#
....#.......####o###########
....#.......# #h#
............####.#
##...##.......##.#
.....##.......##.#
.....##.......##.#
.........)....##.#
........########.# ........#
#.# ........# #.#


You could see an orc warrior.

Vanquished Creatures
  An ogre (D:3)
  A hound (D:3)
  Ijyb (D:3)
  A gnoll (D:1)
  4 adders
  3 dart slugs
  2 orcs (D:3)
  4 bats
  7 endoplasms
  4 giant cockroaches
  7 goblins
  5 hobgoblins
  4 jackals (D:1)
  3 quokkas (D:1)
  7 ball pythons
  2 frilled lizards
  8 kobolds
  5 rats
69 creatures vanquished.

Notes
Turn   | Place    | Note
-------+----------+-------------------------------------------
     0 | D:1      | javelincjr the Troll Shapeshifter began the quest for the
                  | Orb.
     0 | D:1      | Reached XP level 1. HP: 18/18 MP: 0/0
    29 | D:1      | Reached skill level 1 in Fighting
    34 | D:1      | Reached XP level 2. HP: 27/27 MP: 1/1
   270 | D:1      | Reached XP level 3. HP: 25/33 MP: 2/2
  1080 | D:2      | Found an ancient bone altar of Kikubaaqudgha.
  1196 | D:2      | Reached XP level 4. HP: 42/42 MP: 3/3
  1537 | D:2      | Found Suosheash's Antique Armour Shoppe.
  1668 | D:3      | Noticed Ijyb
  1680 | D:3      | Killed Ijyb
  1771 | D:3      | Noticed an ogre
  1778 | D:3      | Killed an ogre
  1779 | D:3      | Reached XP level 5. HP: 49/49 MP: 4/4
  2229 | D:3      | Found a stormy altar of Qazlal.
  2239 | D:3      | Became a worshipper of Qazlal Stormbringer
  2384 | D:4      | Noticed an orc warrior
  2413 | D:3      | Slain by an orc warrior

Illustrated notes

Levels and vault maps discovered:
D:1:      giann_horns, layout_basic, serial_curves, eino_curves_02,
          eino_curves_03
D:2:      layout_basic, basic_altar, serial_shops,
          nicolae_shop_tiny_statue_garden
D:3:      layout_basic, mainiacjoe_overflow_six_doors_small, uniq_ijyb
D:4:      layout_loops_ring, mainiacjoe_overflow_alcove_4, serial_shops,
          nicolae_shop_peninsula, ebering_ghost_sewer_f, kennysheep_donut,
          uniq_robin, uniq_natasha

Skill      XL: |  1  2  3  4  5 |
---------------+----------------+-----
Fighting       | 1 2 |  2.4
Dodging        | 2 |  2.9
Unarmed Combat | 4 |  4.2
Shapeshifting  | 4 |  4.0

Action                     |  1- 3 |  4- 6 || total
---------------------------+-------+-------++-------
  Melee: Unarmed           |    90 |    54 ||   144
         Punch             |       |     1 ||     1
  Throw: Boomerang         |       |    21 ||    21
    Use: Potion            |       |     4 ||     4
   Stab: Sleeping          |       |     1 ||     1
 Armour: Animal skin       |    31 |    24 ||    55
  Dodge: Dodged            |    59 |    26 ||    85

Table legend: (Time is in decaauts)
 A = Elapsed time spent in this place.
 B = Non-inter-level travel time spent in this place.
 C = Inter-level travel time spent in this place.
 D = Time resting spent in this place.
 E = Time spent auto-exploring this place.
 F = Levels seen in this place.
 G = Mean time per level.
                   A        B        C        D        E       F      G
               +--------+--------+--------+--------+--------+-----+--------+
         Total |   2409 |   2344 |     65 |      0 |   1923 |   4 |  602.2 |
       Dungeon |   2409 |   2344 |     65 |      0 |   1923 |   4 |  602.2 |
               +--------+--------+--------+--------+--------+-----+--------+

Top non-repeatable levels by time:
     D:1: 859 daAuts
     D:2: 785 daAuts
     D:3: 752 daAuts
     D:4: 11 daAuts
